 Dungeon Crawl Stone Soup version 0.26.1-2-gb8aa6d0cf2 (webtiles) character file.

Game seed: 12208638208182118396

22 Groucho the Sneak (level 2, -2/19 HPs)
             Began as a Spriggan Enchanter on Feb 22, 2021.
             Slain by Sigmund
             ... wielding a +2 antimagic scythe
              (4 damage)
             ... on level 2 of the Dungeon.
             The game lasted 00:02:04 (1443 turns).

Groucho the Sneak (Spriggan Enchanter)              Turns: 1443, Time: 00:02:05

Health: -2/19      AC: 21    Str:  2 (4)  XL:     2   Next: 68%
Magic:  6/6        EV:  4    Int: 15 (16) God:
Gold:   42         SH:  0    Dex: 14 (16) Spells: 5/6 levels left

rFire    . . .     SeeInvis +   a - +1 dagger
rCold    . . .     Faith    .   (shield restricted)
rNeg     + + +     Spirit   .   (armour currently unavailable)
rPois    +         Reflect  .   (helmet currently unavailable)
rElec    .         Harm     .   (cloak currently unavailable)
rCorr    .         Rampage  .   (gloves unavailable)
Will     .....     NoTele   +   (boots unavailable)
Stlth    +++.......             (no amulet)
HPRegen  0.06/turn              (no ring)
MPRegen  0.10/turn              (no ring)

@: tree-form
A: very small, unfitting armour, see invisible
a: no special abilities


You were on level 2 of the Dungeon.
You were a tree.
You visited 1 branch of the dungeon, and saw 2 of its levels.

You collected 42 gold pieces.

Inventory:

Hand Weapons
 a - a +1 dagger (weapon)
Missiles
 e - 8 poisoned darts (quivered)
Armour
 b - a +0 robe (melded)
Jewellery
 j - a cursed ring of attention {unknown}
Scrolls
 d - 2 scrolls of teleportation {unknown}
 f - a scroll of amnesia {unknown}
 g - a scroll of fear {unknown}
 h - a scroll of fog {unknown}
 i - a scroll of magic mapping {unknown}
 l - 2 scrolls of identify {unknown}


   Skills:
 - Level 1.1 Short Blades
 - Level 3.0 Dodging
 * Level 6.2 Stealth
 - Level 2.6 Spellcasting
 - Level 3.6 Hexes


You had 5 spell levels left.
You knew the following spells:

 Your Spells              Type           Power        Failure   Level
a - Corona                Hex            13%          4%          1

Your spell library contained the following spells:

 Spells                   Type           Power        Failure   Level
 Confusing Touch          Hex            12%          14%         3
 Tukima's Dance           Hex            12%          14%         3
 Ensorcelled Hibernation  Hex/Ice        14%          16%         2
 Dazzling Flash           Conj/Hex       14%          30%         3


Dungeon Overview and Level Annotations

Branches:
Dungeon (2/15)

Altars:

Annotations:
D:2 Sigmund


Innate Abilities, Weirdness & Mutations

You are very small and have problems with some larger weapons.
You are too small for most types of armour.
You have supernaturally acute eyesight. (SInv)
((You cover ground extremely quickly.))


Message History

* * * LOW HITPOINT WARNING * * *
You feel less confused.
Sigmund screams, "Only death can liberate you!"
Sigmund hits you but does no damage.
Unknown command.
Unknown command.
Sigmund hits you but does no damage.
Unknown command.
Sigmund hits you but does no damage.
Unknown command.
Unknown command.
Sigmund hits you but does no damage.
Unknown command.
Sigmund barely misses you.
Unknown command.
Unknown command.
Sigmund barely misses you.
Unknown command.
Sigmund hits you from afar with a +2 antimagic scythe.
You die...

#.(.......# #.........#
#### ########........##
####... .................#
..(..# ########.........#
....### #.........#
###...####### #.....((>.#
###.......######.........#
#######...@.♣.........##
#######...............##
........#####......####
######### ########


You could see Sigmund (invisible).

Vanquished Creatures
  4 bats (D:1)
  3 goblins (D:1)
  A hobgoblin (D:1)
  7 kobolds
  3 frilled lizards (D:1)
  6 rats
24 creatures vanquished.

Notes
Turn   | Place    | Note
-------+----------+-------------------------------------------
     0 | D:1      | Groucho the Spriggan Enchanter began the quest for the Orb.
     0 | D:1      | Reached XP level 1. HP: 9/9 MP: 5/5
   285 | D:1      | Reached skill level 5 in Stealth
   305 | D:1      | Reached XP level 2. HP: 4/13 MP: 6/6
  1240 | D:1      | Reached skill level 6 in Stealth
  1404 | D:2      | Noticed Sigmund
  1443 | D:2      | Slain by Sigmund

Illustrated notes

Levels and vault maps discovered:
D:1:      wander_arrival_chamber, layout_basic, serial_glass, glass_columns_a,
          glass_columns_a, glass_columns_b, glass_columns_a,
          minmay_tiny_reverse_x
D:2:      layout_rooms, uniq_sigmund, uniq_crazy_yiuf_cottage

Skill      XL: |  1  2 |
---------------+-------+-----
Stealth        | 5 6 |  6.2
Short Blades   | |  1.1
Dodging        | |  3.0
Spellcasting   | |  2.6
Hexes          | |  3.6

Action                   || total
-------------------------++-------
Melee: Dagger            ||    53
Throw: Dart              ||    27
  Use: Potion            ||     2
 Stab: Sleeping          ||     6
Armor: Robe              ||     4
       Skin              ||     4
Dodge: Dodged            ||    37
